 Dungeon Crawl Stone Soup version 0.19-a0-1792-g28b16ba (webtiles) character file.

31452 Zjiaran the Impaler (level 13, -1/103 HPs)
             Began as a Formicid Fighter on Oct 4, 2016.
             Was a High Priest of Dithmenos.
             Killed from afar by a starcursed mass (10 damage)
             ... with an accursed screaming
             ... on level 2 of the Abyss.
             The game lasted 00:47:57 (11475 turns).

Zjiaran the Impaler (Formicid Fighter)             Turns: 11475, Time: 00:47:57

Health: -1/103     AC: 15    Str: 31    XL:     13   Next: 96%
Magic:  13/13      EV: 11    Int:  8    God:    Dithmenos [*****.]
Gold:   770        SH: 19    Dex: 17    Spells: 0 memorised, 12 levels left

rFire  . . .     SeeInvis +     n - +5 scythe "Finisher" {speed, Str+3}
rCold  . . .     Gourm    .     x - +1 chain mail of Parlour Games {Regen+ Str+4 Dex+3}
rNeg   . . .     Faith    .     c - +3 shield
rPois  .         Spirit   .     (helmet unavailable)
rElec  .         Dismiss  .     f - +2 cloak
rCorr  +         Reflect  +     (no gloves)
MR     +....     Harm     .     (no boots)
Stlth  ..........               G - +2 amulet of reflection
                                H - +2 ring of strength
                                J - ring of resist corrosion

@: wreathed by umbra
A: permanent stasis, dig shafts and tunnels, four strong arms, antennae 3
a: Dig, Shaft Self, Shadow Step, Shadow Form, Renounce Religion


You were on level 2 of the Abyss.
You worshipped Dithmenos.
Dithmenos was extremely pleased with you.
You were not hungry.

You visited 3 branches of the dungeon, and saw 13 of its levels.
You visited the Abyss 2 times.
You also visited: Ossuary.

You collected 1055 gold pieces.
You spent 285 gold pieces at shops.

Inventory:

Hand Weapons
 a - a +1 trident
 n - the +5 scythe "Finisher" (weapon) {speed, Str+3}
   (You found it on level 1 of the Dungeon)

   Attacks with this weapon are significantly faster.
   It affects your strength (+3).
Armour
 c - a +3 shield (worn)
 f - a +2 cloak (worn)
 l - a +1 chain mail
 m - a +0 cloak
 p - a +1 ring mail of cold resistance
 x - the +1 chain mail of Parlour Games (worn) {Regen+ Str+4 Dex+3}
   (You found it on level 6 of the Dungeon)

   It affects your strength (+4).
   It affects your dexterity (+3).
   It increases your rate of regeneration.
Jewellery
 z - an uncursed ring of magical power
 G - a +2 amulet of reflection (around neck)
 H - a +2 ring of strength (right hand)
 J - a ring of resist corrosion (left hand)
Wands
 e - a wand of polymorph (3/24)
 v - a wand of hasting (2/9)
Scrolls
 b - 2 scrolls of fear
 g - 9 scrolls of remove curse
 h - 2 scrolls of enchant weapon
 u - 4 scrolls of recharging
Potions
 d - a potion of might
 i - 2 potions of brilliance
 j - 3 potions of curing
 k - 2 potions of agility
 s - a potion of invisibility
 B - a potion of ambrosia
 E - 4 potions of flight
Books
 w - a book of Geomancy

   Spells                             Type                      Level
   a - Sandblast                      Earth                        1
   b - Passwall                       Transmutation/Earth          2
   c - Stone Arrow                    Conjuration/Earth            3
   d - Petrify                        Transmutation/Earth          4
   e - Lee's Rapid Deconstruction     Earth                        5
 y - a book of the Sky

   Spells                             Type                      Level
   a - Summon Lightning Spire         Summoning/Air                4
   b - Airstrike                      Air                          4
   c - Silence                        Hexes/Air                    5
   d - Deflect Missiles               Charms/Air                   6
   e - Conjure Ball Lightning         Conjuration/Air              6
   f - Tornado                        Air                          9
Comestibles
 o - a slice of pizza
 q - 9 bread rations
 r - 6 fruits
 t - a royal jelly
 A - 5 beef jerkies
 F - 2 meat rations


   Skills:
 + Level 9.9 Fighting
 + Level 16.2 Polearms
 + Level 9.1 Armour
 + Level 3.1 Dodging
 + Level 1.1 Stealth
 + Level 11.8 Shields
 + Level 0.4 Unarmed Combat


You had 12 spell levels left.
You didn't know any spells.

Dungeon Overview and Level Annotations

Branches:
Dungeon (10/15)            Temple (0/1) D:6             Orc (2/2) D:10
    Elf (1/3) Orc:2
   Lair: D:8-11

Altars:
Cheibriados
Dithmenos
Elyvilon
Fedhas
Kikubaaqudgha
Makhleb
Okawaru
Sif Muna
Trog
Uskayaw
Xom
Yredelemnul

Shops:
D:4 %   D:6 ?


Innate Abilities, Weirdness & Mutations

You are under a permanent stasis effect.
You can dig through walls and to a lower floor.
Your four strong arms can wield two-handed weapons with a shield.
You have a pair of large antennae on your head. (SInv)


Message History

The starcursed mass shudders and is absorbed by its neighbour.
A starcursed mass splits.
A starcursed mass splits.
You slash the starcursed mass!
The starcursed mass is heavily damaged.
The starcursed mass shudders and withdraws towards its neighbour. x2
A chorus of shrieks assaults your mind.
* * * LOW HITPOINT WARNING * * *
A starcursed mass splits.
You block the starcursed mass's attack.
You slash the starcursed mass!
The starcursed mass is severely damaged.
The starcursed mass shudders and is absorbed by its neighbour.
A chorus of shrieks assaults your mind.
* * * LOW HITPOINT WARNING * * *
You hit the starcursed mass.
The starcursed mass is severely damaged.
The starcursed mass shudders and withdraws towards its neighbour.
A chorus of shrieks assaults your mind.
You die...

. .. .# . ......
# . . .. . [ .
###.# ..# ....#
).## ..[ #.#.#
#.####)..#
#XX@....#. ..
......X######..##
. .#...#. #....
#... .) .## ...
..# ... . #.. .
## . .# # # ....


You could see 3 starcursed masses.

Vanquished Creatures
  A lich (Abyss:1)
  A tentacled starspawn (Abyss:2)
  A draconian zealot (Abyss:2)
  A draconian annihilator (Abyss:1)
  A very ugly thing (Abyss:1)
  Erolcha (D:10)
  3 thrashing horrors
  Urug (D:10)
  A wretched star (Abyss:1)
  The ghost of 0gre the Cutter, a novice DrSk of Makhleb (D:8)
  The ghost of FrankyJ the Thaumaturge, a novice DDNe of Kikubaaqudgha (D:9)
  2 spatial maelstroms
  A shadow wraith (Abyss:1)
  The ghost of GlassEater the Covert, a novice OpAs (D:6)
  2 large abominations
  An orc knight (Orc:1)
  7 deep elf magi
  An orc sorcerer (Orc:1)
  3 smoke demons
  A tormentor (Abyss:2)
  An ancient zyme (Abyss:1)
  A freezing wraith (Abyss:1)
  The ghost of badtown the Ruffian, an amateur TrMo (D:3)
  2 trolls
  A two-headed ogre (Orc:2)
  A hydra skeleton (Abyss:1)
  Sigmund (D:3)
  2 ynoxinuls
  A human (D:7)
  4 hogs (D:7)
  2 wyverns
  A fire elemental (Elf:1)
  13 yaks
  A neqoxec (Abyss:1)
  2 wargs
  A hungry ghost (D:7)
  A spatial vortex (Abyss:1)
  7 small abominations
  2 water moccasins
  2 phantoms (D:6)
  5 orc warriors
  An ettin simulacrum (Abyss:1)
  An eye of draining (Abyss:2)
  2 ice beasts
  5 ogres
  2 necrophages
  2 black bears
  5 centaurs
  A big kobold (D:9)
  2 elf zombies (Ossuary)
  8 bullfrogs
  An earth elemental (Abyss:2)
  2 scorpions
  11 wights
  4 crimson imps
  3 centaur zombies
  A quasit (Abyss:1)
  2 starcursed masses (Abyss:2)
  7 hounds
  A jelly (D:7)
  A human zombie (Ossuary)
  Crazy Yiuf (D:2)
  A centaur skeleton (D:6)
  12 orc wizards
  5 orc priests
  An iron imp (Abyss:2)
  Terence (D:2)
  2 iguanas
  2 worker ants
  A big kobold zombie (Ossuary)
  2 mummies (Ossuary)
  2 worker ant zombies
  Robin (D:2)
  A howler monkey skeleton (D:4)
  8 adders
  2 shadow imps
  An ufetubus (Abyss:1)
  3 adder zombies
  2 adder skeletons
  4 worms
  4 leopard geckos
  40 orcs
  4 bats
  10 giant cockroaches
  17 goblins
  9 hobgoblins
  18 jackals
  16 kobolds
  A quokka (D:9)
  3 ball pythons
  5 frilled lizards
  A goblin zombie (Ossuary)
  9 hobgoblin zombies (Ossuary)
  2 jackal zombies (Ossuary)
  8 kobold zombies (Ossuary)
  A leopard gecko zombie (D:6)
  10 orc zombies (Ossuary)
  2 quokka zombies
  14 rats
  3 fungi (D:1)
375 creatures vanquished.

Vanquished Creatures (others)
  2 small abominations
  2 centaurs (D:9)
  A fungus (D:1)
  2 starspawn tentacles (Abyss:2)
7 creatures vanquished.

Grand Total: 382 creatures vanquished

Notes
Turn   | Place    | Note
-------+----------+-------------------------------------------
     0 | D:1      | Zjiaran the Formicid Fighter began the quest for the Orb.
     0 | D:1      | Reached XP level 1. HP: 18/18 MP: 1/1
   100 | D:1      | Reached XP level 2. HP: 24/24 MP: 2/2
   419 | D:1      | Reached XP level 3. HP: 29/29 MP: 3/3
   857 | D:2      | Found a faded altar of an unknown god.
   866 | D:2      | Noticed Terence
   872 | D:2      | Killed Terence
   872 | D:2      | Reached skill level 3 in Polearms
   872 | D:2      | Reached XP level 4. HP: 33/35 MP: 4/4
  1150 | D:2      | Noticed Robin
  1165 | D:2      | Killed Robin
  1165 | D:2      | Reached XP level 5. HP: 29/41 MP: 5/5
  1178 | D:2      | You fall through a shaft!
  1620 | D:2      | Found a runed door.
  2196 | D:2      | Noticed Crazy Yiuf
  2255 | D:2      | Killed Crazy Yiuf
  2549 | D:3      | Noticed Sigmund
  2549 | D:3      | Reached skill level 4 in Polearms
  2556 | D:3      | Reached XP level 6. HP: 42/48 MP: 6/6
  2573 | D:3      | Killed Sigmund
  2573 | D:3      | Reached skill level 1 in Dodging
  2573 | D:3      | Reached XP level 7. HP: 33/53 MP: 7/7
  2617 | D:3      | Noticed badtown's ghost (amateur TrMo)
  2631 | D:3      | Killed badtown's ghost
  2631 | D:3      | Reached skill level 5 in Polearms
  2631 | D:3      | Reached skill level 5 in Shields
  3031 | D:3      | Found a snail-covered altar of Cheibriados.
  3365 | D:4      | Found Uliabeimer's Food Shoppe.
  3369 | D:4      | Bought a bread ration for 50 gold pieces
  3369 | D:4      | Bought a bread ration for 50 gold pieces
  3369 | D:4      | Bought 3 fruits for 45 gold pieces
  3369 | D:4      | Bought a bread ration for 50 gold pieces
  3451 | D:4      | Noticed a moth of wrath
  3454 | D:4      | Found a bloodstained altar of Trog.
  3558 | D:4      | Reached skill level 6 in Polearms
  3564 | D:4      | Reached XP level 8. HP: 60/60 MP: 8/8
  4048 | D:5      | Entered Level 5 of the Dungeon
  4169 | D:5      | Found a blossoming altar of Fedhas.
  4464 | D:5      | Reached skill level 7 in Polearms
  4666 | D:6      | Found a staircase to the Ecumenical Temple.
  4731 | D:6      | Reached skill level 5 in Armour
  4800 | D:6      | Reached skill level 8 in Polearms
  4802 | D:6      | Reached XP level 9. HP: 25/66 MP: 9/9
  4931 | D:6      | Noticed GlassEater's ghost (novice OpAs)
  4958 | D:6      | Killed GlassEater's ghost
  4958 | D:6      | Reached skill level 5 in Fighting
  4958 | D:6      | Reached skill level 9 in Polearms
  5070 | D:6      | Found a shadowy altar of Dithmenos.
  5073 | D:6      | Became a worshipper of Dithmenos the Shadowed
  5230 | D:6      | Got an ichor-stained chain mail
  5231 | D:6      | Identified the +1 chain mail of Parlour Games {Regen+ Str+4 Dex+3} (You found it on level 6 of the Dungeon)
  5325 | D:6      | Found a burning altar of Makhleb.
  5750 | D:6      | Found Cukhun's Magic Scroll Emporium.
  5753 | D:6      | Bought a scroll of enchant armour for 90 gold pieces
  5934 | D:7      | Found a sand-covered staircase.
  5939 | Ossuary  | Entered an ossuary
  5987 | Ossuary  | Reached * piety under Dithmenos
  6086 | Ossuary  | Reached skill level 10 in Polearms
  6088 | Ossuary  | Reached XP level 10. HP: 72/74 MP: 10/10
  6273 | D:7      | Reached ** piety under Dithmenos
  6286 | D:7      | Reached skill level 11 in Polearms
  6531 | D:7      | Found a hide-covered altar of Uskayaw.
  6617 | D:7      | Found a deep blue altar of Sif Muna.
  6747 | D:7      | Found a basalt altar of Yredelemnul.
  6885 | D:7      | Found an ancient bone altar of Kikubaaqudgha.
  7068 | D:8      | Noticed 0gre's ghost (novice DrSk)
  7075 | D:8      | Killed 0gre's ghost
  7109 | D:8      | Found a shimmering altar of Xom.
  7110 | D:8      | Found a shimmering altar of Xom.
  7110 | D:8      | Found a shimmering altar of Xom.
  7110 | D:8      | Found a shimmering altar of Xom.
  7357 | D:8      | Reached skill level 12 in Polearms
  7464 | D:8      | Reached *** piety under Dithmenos
  7464 | D:8      | Reached XP level 11. HP: 51/83 MP: 11/11
  7784 | D:9      | Noticed FrankyJ's ghost (novice DDNe)
  7793 | D:9      | Killed FrankyJ's ghost
  7876 | D:9      | Found a white marble altar of Elyvilon.
  7962 | D:9      | Found an iron altar of Okawaru.
  8357 | D:9      | Reached skill level 13 in Polearms
  8622 | D:10     | Entered Level 10 of the Dungeon
  8808 | D:10     | Reached **** piety under Dithmenos
  8873 | D:10     | Noticed Erolcha
  8886 | D:10     | Killed Erolcha
  9040 | D:10     | Reached XP level 12. HP: 46/92 MP: 12/12
  9176 | D:10     | Noticed Urug
  9186 | D:10     | Cast into level 1 of the Abyss (Urug)
  9293 | Abyss:1  | Noticed a shadow wraith
  9299 | Abyss:1  | Noticed a wretched star
  9304 | Abyss:1  | Killed a shadow wraith
  9312 | Abyss:1  | Killed a wretched star
  9434 | Abyss:1  | Noticed a large abomination
  9437 | Abyss:1  | Killed a large abomination
  9485 | Abyss:1  | Found a corrupted altar of Lugonu.
  9491 | Abyss:1  | Noticed a mottled draconian annihilator
  9505 | Abyss:1  | Killed a mottled draconian annihilator
  9505 | Abyss:1  | Reached skill level 14 in Polearms
  9526 | Abyss:1  | Noticed a thrashing horror
  9549 | Abyss:1  | Killed a thrashing horror
  9549 | Abyss:1  | Reached skill level 1 in Stealth
  9549 | Abyss:1  | Reached skill level 10 in Shields
  9581 | Abyss:1  | Gained mutation: You expend magic power (3 MP) to strengthen your wands. [a neqoxec]
  9607 | Abyss:1  | Noticed a lich
  9620 | Abyss:1  | Killed a lich
  9660 | Abyss:1  | Noticed a spatial maelstrom
  9665 | Abyss:1  | Killed a spatial maelstrom
  9681 | Abyss:1  | Lost mutation: You expend magic power (3 MP) to strengthen your wands. [potion of cure mutation]
  9685 | Abyss:1  | Gained mutation: Your magical capacity is low. (-10% MP) [potion of mutation]
  9685 | Abyss:1  | Gained mutation: Your magical capacity is very low. (-20% MP) [potion of mutation]
  9685 | Abyss:1  | Gained mutation: Your body sometimes deteriorates upon taking damage. [potion of mutation]
  9686 | Abyss:1  | Lost mutation: Your magical capacity is very low. (-20% MP) [potion of cure mutation]
  9686 | Abyss:1  | Lost mutation: Your magical capacity is low. (-10% MP) [potion of cure mutation]
  9686 | Abyss:1  | Lost mutation: Your body sometimes deteriorates upon taking damage. [potion of cure mutation]
  9748 | Abyss:1  | Noticed a starcursed mass
  9786 | Abyss:1  | Noticed a green very ugly thing
  9800 | Abyss:1  | Killed a green very ugly thing
  9800 | Abyss:1  | Reached skill level 15 in Polearms
  9800 | Abyss:1  | Reached XP level 13. HP: 65/100 MP: 13/13
  9854 | D:10     | Escaped the Abyss
  9862 | D:10     | Killed Urug
  9988 | D:10     | Found a staircase to the Orcish Mines.
 10015 | Orc:1    | Entered Level 1 of the Orcish Mines
 10395 | Orc:2    | Entered Level 2 of the Orcish Mines
 10587 | Orc:2    | Reached ***** piety under Dithmenos
 10596 | Orc:2    | Found a staircase to the Elven Halls.
 10603 | Elf:1    | Entered Level 1 of the Elven Halls
 10951 | Elf:1    | Noticed a deep elf sorcerer
 10965 | Elf:1    | Cast into level 2 of the Abyss (a deep elf sorcerer)
 11055 | Abyss:2  | Noticed a white draconian zealot
 11072 | Abyss:2  | Killed a white draconian zealot
 11075 | Abyss:2  | HP: 2/102 [small abomination (12)]
 11249 | Abyss:2  | Noticed a tentacled starspawn
 11269 | Abyss:2  | Killed a tentacled starspawn
 11269 | Abyss:2  | Reached skill level 16 in Polearms
 11447 | Abyss:2  | Noticed a starcursed mass
 11475 | Abyss:2  | Killed from afar by a starcursed mass

Vault maps used:
D:1:      lightli_arrival_statuegarden, minmay_gold_behind_fungi, minivault_5,
          grunt_decor_clamped, minmay_tromino_mix6
D:2:      kennysheep_goblin_castle, ecumenical_altar_2,
          corexii_item_surrounded_by_moat, kennysheep_generic_room_2,
          uniq_crazy_yiuf_cottage, uniq_terence
D:3:      lemuel_round_altar, uniq_sigmund
D:4:      tgw_trog, serial_shops, shop, first_bread, minmay_misc_feat_tiny
D:5:      fedhas_altar_1
D:6:      lemuel_doored_altar, lemuel_round_altar, serial_shops,
          nicolae_shop_behind_doors
D:7:      led_sif_book, nicolae_overflow_hidden_temple, lemuel_round_altar,
          kiku_gazebo_garden_becter, enter_ossuary_5, grunt_livestock,
          grunt_ministairs_2
D:8:      xom_redecorated
D:9:      okawaru_trees_1, overflow_temple_1_default
D:10:     orc_0_dummy, uniq_urug, uniq_erolcha
Orc:2:    grunt_orc_tribal_feast, uniq_snorg
Elf:1:    elf_arrival_002, serial_shops, nicolae_shop_waterfront,
          portal_desolation_entry_ruin, minmay_elf_necromancy, minivault_16,
          glass_columns_a
Ossuary:  ossuary_tomb_1

Skill      XL: |  1  2  3  4  5  6  7  8  9 10 11 12 13 |
---------------+----------------------------------------+-----
Shields        | 4 5 6 7 9 10 11 | 11.8
Polearms       | 3 4 6 8 10 12 13 15 16 | 16.2
Armour         | 4 5 6 7 8 9 |  9.1
Dodging        | 1 2 3 |  3.1
Fighting       | 4 5 6 7 8 9 |  9.9
Stealth        | 1 |  1.1
Unarmed Combat | |  0.4

Action                   |  1- 3 |  4- 6 |  7- 9 | 10-12 | 13-15 || total
-------------------------+-------+-------+-------+-------+-------++-------
Melee: Trident           |   144 |       |       |       |       ||   144
       Scythe            |     8 |   129 |   278 |   484 |   259 ||  1158
       Unarmed           |       |    27 |       |       |       ||    27
 Abil: Shaft Self        |       |     2 |       |       |       ||     2
  Use: Scroll            |     4 |     4 |     6 |    17 |     1 ||    32
       Potion            |       |     7 |     2 |     5 |     2 ||    16
 Stab: Invisible         |       |     1 |       |       |       ||     1
  Eat: Bread ration      |       |     1 |       |       |       ||     1
       Pizza             |       |     1 |       |     5 |     3 ||     9
       Beef jerky        |       |     1 |       |       |       ||     1
       Meat ration       |       |       |     3 |     1 |       ||     4
Armor: Scale mail        |    38 |       |       |       |       ||    38
       Chain mail        |    16 |    87 |    91 |   109 |    62 ||   365
       Skin              |       |     1 |       |       |       ||     1
Dodge: Dodged            |    29 |    53 |    60 |   142 |    63 ||   347
Block: Shield            |    65 |    95 |   137 |   286 |   183 ||   766
       Reflection        |       |       |       |    18 |     2 ||    20
